 Dungeon Crawl Stone Soup version 0.22.0-36-g8e74550 (webtiles) character file.

66 shmeve the Chopper (level 3, -6/49 HPs)
             Began as a Minotaur Berserker on Aug 24, 2018.
             Was a Believer of Trog.
             Splashed by a jelly's acid (9 damage)
             ... on level 2 of the Dungeon.
             The game lasted 00:05:36 (1531 turns).

shmeve the Chopper (Minotaur Berserker)             Turns: 1531, Time: 00:05:36

Health: -6/49      AC: -1    Str: 27    XL:     3   Next: 96%
Magic:  2/2        EV: 12    Int:  4    God:    Trog [**....]
Gold:   93         SH:  4    Dex:  9    Spells: 2/2 levels left

rFire    . . .     SeeInvis .   a - +0 hand axe
rCold    . . .     Gourm    .   e - +0 buckler
rNeg     . . .     Faith    .   b - +0 animal skin
rPois    .         Spirit   .   (helmet restricted)
rElec    .         Reflect  .   (no cloak)
rCorr    .         Harm     .   (no gloves)
MR       .....                  (no boots)
Stlth    ..........             (no amulet)
HPRegen  0.16/turn              i - ring of stealth
MPRegen  0.08/turn              (no ring)

@: berserking, corroded, very quick
A: retaliatory headbutt, horns 2
a: Berserk, Trog's Hand, Renounce Religion


You were on level 2 of the Dungeon.
You worshipped Trog.
Trog was pleased with you.
You were hungry.

You visited 1 branch of the dungeon, and saw 2 of its levels.

You collected 93 gold pieces.

Inventory:

Hand Weapons
 a - a +0 hand axe (weapon)
Armour
 b - a +0 animal skin (worn)
 e - a +0 buckler (worn)
Jewellery
 i - a ring of stealth (left hand)
Scrolls
 d - 2 scrolls of random uselessness {unknown}
 f - 2 scrolls of identify {unknown}
 g - 2 scrolls of magic mapping {unknown}
 m - a scroll of teleportation {unknown}
 n - a scroll of enchant weapon {unknown}
 p - a scroll of remove curse {unknown}
Potions
 h - 2 potions of lignification {unknown}
 j - a potion of mutation {unknown}
 l - a potion of degeneration {unknown}
 o - a potion of brilliance {unknown}
Comestibles
 c - 6 rations


   Skills:
 - Level 3.9 Fighting
 - Level 3.9 Axes
 - Level 0.6 Throwing
 - Level 2.5 Armour
 - Level 2.3 Dodging
 + Level 3.5 Shields


You had 2 spell levels left.
You didn't know any spells.
Your spell library was empty.

Dungeon Overview and Level Annotations

Branches:
Dungeon (2/15)

Altars:


Innate Abilities, Weirdness & Mutations

You reflexively headbutt those who attack you in melee.
You have a pair of horns on your head.


Message History

You hit the fungus. You headbutt the fungus.
The fungus is lightly damaged.
You hit the ooze. x2; You hit the jelly.
Your hands burn!
You hit the ooze but do no damage. You hit the ooze.
The ooze barely misses you. The ooze hits you but does no damage.
The ooze barely misses you. You furiously retaliate!
You headbutt the ooze, but do no damage.
The jelly hits you.
You are splashed with acid!
The acid burns!
* * * LOW HITPOINT WARNING * * *
The ooze hits you but does no damage.
The ooze hits the fungus.
You block the ooze's attack. x2; The ooze hits you.
* * * LOW HITPOINT WARNING * * *
Unknown command.
A red film seems to cover your vision as you go berserk!
You feel yourself moving faster!
You feel mighty!
You are feeling hungry.
The jelly hits you.
* * * LOW HITPOINT WARNING * * *
The acid corrodes you!
You are splashed with acid!
The acid burns!
You die...

#)# #.# #.......# .. .. #.### #.#
####....# #. ..# #...#
#.###..'....# #.##.#
###.###.##.######## #....#
#.....###......## #..#
####..#########'## #..# ##
##.##÷P...KJ÷.# ###.###.
#.##.....JJJ.#######....##.
#.##....JJ@J.##............
#######.##.P.÷.P..÷##....#.##...#
......).##.P÷P.P.P÷##...##.##..##
...#######?......P.####.#..##..#
..## ############...#.###..#
..#### ### ###....##...#
.....####.# #......#..#.##
####....#.###### ####..#..#.##...
####........###......#...####.


You could see 2 jellies, 5 oozes and a kobold.

Vanquished Creatures
  An adder (D:2)
  2 oozes
  A worm (D:2)
  A dart slug (D:2)
  2 leopard geckos
  A ball python (D:1)
  9 hobgoblins
  7 kobolds
  3 bats
  5 frilled lizards
  5 goblins
  5 rats
42 creatures vanquished.

Vanquished Creatures (others)
  8 toadstools (D:2)
8 creatures vanquished.

Grand Total: 50 creatures vanquished

Notes
Turn   | Place    | Note
-------+----------+-------------------------------------------
     0 | D:1      | shmeve the Minotaur Berserker began the quest for the Orb.
     0 | D:1      | Reached XP level 1. HP: 19/19 MP: 0/0
    42 | D:1      | Reached XP level 2. HP: 9/27 MP: 1/1
   611 | D:1      | Reached skill level 1 in Shields
   673 | D:1      | Reached ** piety under Trog
   810 | D:1      | Reached XP level 3. HP: 27/33 MP: 2/2
  1029 | D:2      | Found a faded altar of an unknown god.
  1531 | D:2      | Splashed by a jelly's acid

Skill      XL: |  1  2  3 |
---------------+----------+-----
Shields        | 2 3 |  3.5
Fighting       | |  3.9
Axes           | |  3.9
Throwing       | |  0.6
Armour         | |  2.5
Dodging        | |  2.3

Action                   || total
-------------------------++-------
Melee: Hand axe          ||    74
       Headbutt          ||    14
Invok: Berserk           ||     2
 Stab: Sleeping          ||     1
  Eat: Chunk             ||     3
Armor: Animal skin       ||    15
Dodge: Dodged            ||    56
Block: Buckler           ||    13
